AoeStats
← hightower_208

Arena

507107113Analyzed
3v3 RM · 15d ago on Sep 16, 2026· 34m 20s· 6 players
Game mode
Random Map
Map size
Normal (6 player)
Population
200
Speed
Normal
Resources
Standard
Victory
Conquest
Starting age
Dark Age
Ending age
Imperial Age
RankedLock teamsTeams togetherTeam positionsShared explorationLock speedFull tech treeHidden civsTurbo modeCheats
Victory
Defeat
🇩🇪 Italians · Germany
1677
+9
🇩🇪 Cumans · Germany
1616
+12
🇩🇪 Spanish · Germany
1496
+16
🇨🇭 Slavs · Switzerland
1538
-13
🇨🇭 Cumans · Switzerland
1511
-12
🇩🇪 Bohemians · Germany
1500
-12
hightower_208
10:10 Feudal Age
11:18 Loom
13:49 Castle Age
15:27 Double-Bit Axe
18:37 Horse Collar
21:18 Wheelbarrow
21:04 Bow Saw
23:32 Hand Cart
27:53 Imperial Age
25:39 Heavy Plow
25:33 Gold Mining
26:06 Fletching
26:49 Town Watch
27:03 Bodkin Arrow
27:45 Padded Archer Armor
28:40 Heavy Plow
28:50 Bracer
29:14 Ballistics
29:54 Chemistry
29:28 Leather Archer Armor
31:24 Ring Archer Armor
33:49 Elite Genoese Crossbowman
34:50 Conscription
Raenne
11:01 Feudal Age
15:06 Castle Age
13:20 Double-Bit Axe
13:49 Horse Collar
16:13 Bow Saw
25:30 Heavy Plow
26:08 Padded Archer Armor
30:46 Town Watch
31:39 Wheelbarrow
Mjoelnir
8:25 Feudal Age
10:03 Double-Bit Axe
10:19 Horse Collar
18:45 Castle Age
17:32 Gold Mining
19:00 Stone Mining
19:45 Bow Saw
19:41 Heavy Plow
20:12 Loom
20:45 Fletching
21:46 Wheelbarrow
26:08 Imperial Age
24:03 Bodkin Arrow
24:38 Padded Archer Armor
26:23 Leather Archer Armor
26:33 Bloodlines
28:56 Ring Archer Armor
30:41 Conscription
31:24 Chemistry
31:35 Ballistics
Tilt Eulenspiegel
10:24 Feudal Age
11:51 Horse Collar
14:27 Castle Age
12:30 Double-Bit Axe
15:20 Bow Saw
18:45 Loom
21:27 Town Watch
23:33 Wheelbarrow
27:28 Imperial Age
25:57 Heavy Plow
27:58 Chemistry
27:19 Ballistics
27:31 Sanctity
27:22 Redemption
29:27 Block Printing
hoiduloi
6:11 Loom
8:41 Feudal Age
9:51 Double-Bit Axe
12:06 Fletching
19:30 Castle Age
18:01 Horse Collar
18:52 Gold Mining
21:25 Bow Saw
22:00 Wheelbarrow
25:21 Hand Cart
32:03 Imperial Age
33:23 Onager
gggmeuer
9:29 Feudal Age
10:58 Double-Bit Axe
10:54 Horse Collar
17:56 Wheelbarrow
21:49 Castle Age
20:21 Town Watch
20:21 Loom
21:14 Scale Barding Armor
22:23 Bloodlines
23:02 Chain Barding Armor
22:52 Forging
23:42 Hand Cart
23:41 Heavy Plow
24:00 Bow Saw
24:10 Loom
25:39 Gold Mining
26:59 Loom
31:36 Imperial Age
29:28 Town Patrol
31:29 Iron Casting
31:38 Gold Shaft Mining
31:43 Cavalier
33:03 Plate Barding Armor
33:10 Conscription
33:53 Blast Furnace
Connection lost

Rejoining the realm…

Still unreachable

The connection could not be restored.

Session expired

The server has moved on; the page needs a fresh start.